AoeStats
← Eli

Arena

510535507Analyzed
4v4 RM · 22h ago on Oct 1, 2026· 44m 36s· 8 players
Game mode
Random Map
Map size
Large (8 player)
Population
200
Speed
Normal
Resources
Standard
Victory
Conquest
Starting age
Dark Age
Ending age
Imperial Age
RankedLock teamsTeams togetherTeam positionsShared explorationLock speedFull tech treeHidden civsTurbo modeCheats
Victory
Defeat
🇨🇳 Spanish · China
1694
+16
🇨🇦 Franks · Canada
1687
+17
🇷🇺 Georgians · Russia
1684
+17
1535
+22
🇹🇼 Bohemians · Taiwan
1840
-24
🇭🇰 Spanish · Hong Kong SAR China
1694
-18
🇹🇼 Khmer · Taiwan
1653
-16
🇹🇼 Vietnamese · Taiwan
1604
-14
parachutedreamer
10:30 Feudal Age
11:08 Double-Bit Axe
14:01 Castle Age
15:02 Bow Saw
19:42 Wheelbarrow
21:56 Gold Mining
21:58 Stone Mining
24:32 Loom
28:04 Imperial Age
25:50 Hand Cart
25:51 Scale Barding Armor
25:56 Forging
26:52 Chain Barding Armor
27:58 Iron Casting
27:55 Husbandry
27:16 Light Cavalry
29:08 Conscription
29:33 Plate Barding Armor
29:18 Squires
30:25 Chemistry
31:00 Blast Furnace
30:00 Scale Mail Armor
36:37 Siege Engineers
37:32 Chain Mail Armor
37:55 Cavalier
42:34 Plate Mail Armor
41:54 Fletching
42:05 Padded Archer Armor
42:40 Ballistics
42:31 Masonry
43:46 Bodkin Arrow
Eli
10:25 Feudal Age
11:39 Double-Bit Axe
14:01 Castle Age
13:18 Horse Collar
15:11 Bow Saw
16:37 Loom
18:24 Town Watch
21:38 Wheelbarrow
23:09 Heavy Plow
23:23 Forging
23:57 Gold Mining
24:00 Stone Mining
26:33 Hand Cart
26:26 Fletching
30:29 Imperial Age
28:46 Bodkin Arrow
30:46 Guard Tower
31:17 Ballistics
30:41 Treadmill Crane
31:11 Masonry
31:07 Svan Towers
31:30 Bracer
31:16 Arrowslits
33:03 Keep
41:00 Crop Rotation
41:26 Caravan
lemon tea
10:54 Feudal Age
12:05 Double-Bit Axe
14:26 Castle Age
12:41 Horse Collar
16:37 Bow Saw
21:16 Loom
21:17 Town Watch
23:11 Wheelbarrow
23:29 Bloodlines
23:19 Husbandry
23:53 Padded Archer Armor
24:15 Husbandry
25:46 Leather Archer Armor
25:38 Stone Mining
27:14 Hand Cart
27:25 Gold Mining
29:24 Stone Shaft Mining
33:53 Imperial Age
35:21 Ring Archer Armor
34:16 Elite Conquistador
35:46 Conscription
37:03 Heavy Plow
37:20 Guilds
37:45 Cavalier
38:36 Scale Barding Armor
37:53 Light Cavalry
40:13 Hoardings
40:01 Chain Barding Armor
39:52 Forging
39:04 Hussar
40:59 Supremacy
41:19 Plate Barding Armor
40:25 Capped Ram
41:21 Devotion
42:12 Caravan
41:49 Siege Ram
43:51 Iron Casting
45:24 Faith
滑西列夫斯稽
3:47 Double-Bit Axe
5:52 Horse Collar
10:51 Feudal Age
12:03 Bow Saw
14:23 Castle Age
13:04 Heavy Plow
17:42 Wheelbarrow
23:13 Loom
26:48 Imperial Age
24:07 Town Watch
24:25 Stone Mining
24:55 Hand Cart
25:20 Padded Archer Armor
25:29 Gold Mining
26:41 Two-Man Saw
26:12 Squires
25:47 Pikeman
27:27 Gold Shaft Mining
27:37 Scale Mail Armor
28:42 Chemistry
27:25 Halberdier
29:22 Chain Mail Armor
29:18 Forging
31:11 Plate Mail Armor
31:17 Iron Casting
31:05 Conscription
33:21 Blast Furnace
32:38 Leather Archer Armor
33:09 Stone Shaft Mining
33:41 Fletching
34:17 Ballistics
33:37 Treadmill Crane
35:04 Bodkin Arrow
37:19 Guilds
37:15 Bracer
41:02 Hoardings
40:34 Burgundian Vineyards
40:49 Masonry
40:50 Fortified Wall
40:49 Scale Barding Armor
41:37 Elite Coustillier
43:30 Caravan
45:00 Chain Barding Armor
hide1914
10:52 Feudal Age
14:41 Castle Age
12:24 Horse Collar
12:58 Double-Bit Axe
15:50 Bow Saw
15:40 Heavy Plow
20:02 Padded Archer Armor
23:55 Wheelbarrow
24:01 Bloodlines
25:17 Leather Archer Armor
25:50 Husbandry
25:51 Loom
41:29 Imperial Age
39:21 Gold Mining
米克斯
8:46 Loom
10:51 Feudal Age
14:30 Castle Age
12:51 Double-Bit Axe
15:45 Padded Archer Armor
15:50 Padded Archer Armor
16:05 Horse Collar
24:10 Imperial Age
22:08 Sanctity
22:31 Fervor
23:50 Redemption
25:11 Block Printing
26:30 Theocracy
25:55 Devotion
26:22 Illumination
26:17 Bow Saw
28:08 Conscription
28:08 Pikeman
38:31 Wheelbarrow
37:59 Heavy Plow
39:25 Scale Mail Armor
39:26 Squires
41:20 Fletching
41:28 Crossbowman
42:26 Bodkin Arrow
42:56 Ballistics
43:08 Bracer
45:28 Chemistry
護鵝協會
10:42 Feudal Age
14:42 Castle Age
12:29 Double-Bit Axe
12:33 Horse Collar
16:05 Bow Saw
23:07 Wheelbarrow
23:42 Heavy Plow
28:22 Imperial Age
25:41 Loom
27:00 Hand Cart
26:46 Scale Mail Armor
26:57 Forging
27:06 Town Watch
27:52 Chain Mail Armor
28:24 Elite Fire Lancer
29:05 Squires
29:41 Iron Casting
30:08 Plate Mail Armor
30:46 Chemistry
32:47 Siege Engineers
34:43 Paper Money
36:33 Arson
41:10 Fletching
41:21 Padded Archer Armor
42:04 Ballistics
42:09 Bodkin Arrow
41:40 Elite Skirmisher
43:15 Leather Archer Armor
43:29 Bracer
43:18 Imperial Skirmisher
散步小鵝
11:17 Feudal Age
14:17 Castle Age
12:16 Double-Bit Axe
12:12 Horse Collar
15:21 Bow Saw
17:05 Heavy Plow
18:27 Wheelbarrow
22:42 Wheelbarrow
22:57 Gold Mining
27:42 Imperial Age
25:28 Loom
26:30 Hand Cart
26:23 Scale Barding Armor
26:21 Stone Mining
26:57 Bloodlines
26:50 Husbandry
27:28 Chain Barding Armor
29:27 Plate Barding Armor
28:37 Elite Battle Elephant
32:02 Tusk Swords
33:29 Conscription
34:43 Forging
36:18 Iron Casting
37:05 Light Cavalry
39:01 Hussar
39:49 Elite Skirmisher
41:04 Fletching
41:15 Scale Mail Armor
41:29 Padded Archer Armor
41:50 Bodkin Arrow
41:49 Imperial Skirmisher
45:08 Blast Furnace
44:25 Town Watch
44:53 Bracer
45:26 Ballistics
Connection lost

Rejoining the realm…

Still unreachable

The connection could not be restored.

Session expired

The server has moved on; the page needs a fresh start.